 Dungeon Crawl Stone Soup version 0.32-a0-961-gd60f5e5fc7 (webtiles) character file.

Game seed: 6134194749202548371

181 DrKenneth the Trooper (level 5, -3/47 HPs)
             Began as a Minotaur Fighter on Apr 18, 2024.
             Incinerated by a bombardier beetle (5 damage)
             ... with a burning spray
             ... on level 4 of the Dungeon.
             The game lasted 00:04:26 (2293 turns).

DrKenneth the Trooper (Minotaur Fighter)            Turns: 2293, Time: 00:04:26

Health: -3/47      AC: 12    Str: 23    XL:     5   Next: 34%
Magic:  4/4        EV:  8    Int:  5    God:
Gold:   71         SH:  4    Dex:  9    Spells: 4/4 levels left

rFire   . . .        a - +0 war axe
rCold   . . .        c - +0 buckler
rNeg    . . .        b - +0 scale mail
rPois   +            (helmet restricted)
rElec   .            s - +0 cloak
rCorr   .            (no gloves)
SInv    .            (no boots)
Will    .....        (no amulet) Stlth
                     i - +4 ring of protection
HPRegen 0.27/turn    l - ring of poison resistance
MPRegen 0.09/turn

%: no passive effects
@: on fire, glowing
A: horns 2, retaliatory headbutt
a: no special abilities


You were on level 4 of the Dungeon.
You visited 1 branch of the dungeon, and saw 4 of its levels.

You collected 71 gold pieces.

Inventory:

Hand Weapons
 a - a +0 war axe (weapon)
Armour
 b - a +0 scale mail (worn)
 c - a +0 buckler (worn)
 s - a +0 cloak (worn)
Jewellery
 i - a +4 ring of protection (left hand)
 l - a ring of poison resistance (right hand)
 m - a +5 ring of evasion
Scrolls
 e - 2 scrolls of amnesia {unknown}
 f - a scroll of revelation {unknown}
 k - a scroll of fear {unknown}
 n - a scroll of teleportation {unknown}
 o - a scroll of enchant armour {unknown}
 p - a scroll of noise {unknown}
 q - 2 scrolls of identify {unknown}
 r - a scroll of brand weapon {unknown}
Potions
 d - a potion of might
 g - a potion of lignification {unknown}
 h - 2 potions of curing {unknown}
 j - a potion of haste {unknown}


   Skills:
 + Level 4.9 Fighting
 + Level 4.0 Axes
 + Level 4.7 Armour
 + Level 4.8 Shields


You had 4 spell levels left.
You didn't know any spells.
Your spell library contained the following spells:

 Spells                   Type           Power      Damage    Failure   Level
 Sandblast                Erth           0%         2d4       83%         1
 Slow                     Hex            0%         N/A       83%         1
 Summon Small Mammal      Summ           0%         N/A       83%         1
 Call Canine Familiar     Summ           0%         N/A       99%         3
 Confusing Touch          Hex            0%         N/A       99%         3
 Fugue of the Fallen      Necr           0%         N/A       99%         3
 Ozocubu's Armour         Ice            0%         N/A       99%         3
 Passwall                 Erth           0%         N/A       99%         3
 Stone Arrow              Conj/Erth      0%         3d7       99%         3
 Vampiric Draining        Necr           0%         2d6       99%         3
 Olgreb's Toxic Radiance  Alch           0%         N/A       100%        4
 Summon Blazeheart Golem  Fire/Summ      0%         N/A       100%        4
 Manifold Assault         Tloc           0%         N/A       100%        7
 Ozocubu's Refrigeration  Ice            0%         4d7       100%        7
 Discord                  Hex            0%         N/A       100%        8


Dungeon Overview and Level Annotations

Branches:
Dungeon (4/15)
 Temple: D:4-7

Altars:
Cheibriados
Gozag
Nemelex Xobeh
Qazlal
Sif Muna
Vehumet
Wu Jian
The Shining One

Shops:
D:4 !!*(


Innate Abilities, Weirdness & Mutations

You have a pair of horns on your head.
You reflexively headbutt those who attack you in melee.


Message History

The bombardier beetle is heavily wounded.
You hit the bombardier beetle.
The bombardier beetle is almost dead.
The bombardier beetle sprays incendiary fluid at you.
The burning spray hits you.
You are covered in liquid fire!
A dart slug comes into view.
You hit the bombardier beetle.
You kill the bombardier beetle!
The liquid fire burns you! The jelly hits you but does no damage.
You have reached level 5!
You slash the jelly!
Your hands burn!
You headbutt the jelly!
The jelly is heavily wounded.
The liquid fire burns you! The jelly hits you.
You are splashed with acid.
You hit the jelly.
Your hands burn!
You headbutt the jelly.
The jelly is almost dead.
The liquid fire burns you! You block the jelly's attack.
The jelly closely misses you. You furiously retaliate!
You headbutt the jelly.
You kill the jelly!
Found Teetount's Distillery.
You shake off some of the fire as you move.
The liquid fire burns you!
* * * LOW HITPOINT WARNING * * *
You slash the dart slug!
You kill the dart slug!
The liquid fire burns you!
* * * LOW HITPOINT WARNING * * *
Your Axes skill increases to level 4!
You are on fire!
You are on fire!
You are on fire!
The liquid fire burns you!
* * * LOW HITPOINT WARNING * * *
The liquid fire burns you!
* * * LOW HITPOINT WARNING * * *
The liquid fire burns you!
You die...

## .# .. # ... .....
.# #.# #.#.#.#.#
..⌠.∩.⌠....#
#)#.#.#... ∩.⌠.∩..#
...#.#.#.#.#
#..⌠.∩@⌠..#
...#.#.#.#.# #+#
#.........# #.#
####...##.# #.#
###....# ##.## ####.#
##...## #.#
#.....###### #.#
#.###...###...#####.#


There were no monsters in sight!

Vanquished Creatures
  A jelly (D:4)
  A bombardier beetle (D:4)
  Robin (D:2)
  2 adders
  3 dart slugs
  A ribbon worm (D:3)
  An orc (D:3)
  5 bats
  5 endoplasms
  2 giant cockroaches
  16 goblins
  8 hobgoblins
  4 jackals (D:1)
  8 kobolds
  2 quokkas
  2 ball pythons
  2 frilled lizards
  4 rats
68 creatures vanquished.

Notes
Turn   | Place    | Note
-------+----------+-------------------------------------------
     0 | D:1      | DrKenneth the Minotaur Fighter began the quest for the Orb.
     0 | D:1      | Reached XP level 1. HP: 19/19 MP: 0/0
   204 | D:1      | Reached XP level 2. HP: 26/27 MP: 1/1
   864 | D:2      | Reached XP level 3. HP: 33/33 MP: 2/2
   881 | D:2      | Noticed Robin
   894 | D:2      | Killed Robin
  1035 | D:2      | Reached XP level 4. HP: 41/41 MP: 3/3
  1604 | D:3      | Found a stormy altar of Qazlal.
  1606 | D:3      | Found an ornate altar of the Wu Jian Council.
  1612 | D:3      | Found a snail-covered altar of Cheibriados.
  1613 | D:3      | Found a sparkling altar of Nemelex Xobeh.
  1613 | D:3      | Found a radiant altar of Vehumet.
  1614 | D:3      | Found an opulent altar of Gozag.
  1614 | D:3      | Found a shimmering blue altar of Sif Muna.
  1617 | D:3      | Found a glowing golden altar of the Shining One.
  2277 | D:4      | Found Siown's General Store.
  2277 | D:4      | Found Maggodd's Distillery.
  2278 | D:4      | Found Poleguma's Antique Weapon Boutique.
  2287 | D:4      | Reached XP level 5. HP: 41/47 MP: 4/4
  2289 | D:4      | Found Teetount's Distillery.
  2292 | D:4      | HP: 1/47 [burnt (3)]
  2293 | D:4      | Incinerated by a bombardier beetle

Illustrated notes

Levels and vault maps discovered:
D:1:      minmay_arrival_stair_chambers, layout_basic, nicolae_eternal_life
D:2:      layout_rooms, uniq_robin
D:3:      layout_basic, grunt_temple_overflow_open
D:4:      layout_loops_corners, kennysheep_mini, minmay_shop_grid_forest,
          minmay_misc_feat_enclosed

Skill      XL: |  1  2  3  4  5 |
---------------+----------------+-----
Fighting       | 4 |  4.9
Axes           | 3 4 |  4.0
Armour         | 4 |  4.7
Shields        | 4 |  4.8

Action                     |  1- 3 |  4- 6 || total
---------------------------+-------+-------++-------
  Melee: War axe           |    45 |    51 ||    96
         Headbutt          |     9 |    11 ||    20
   Stab: Distracted        |       |     1 ||     1
 Armour: Scale mail        |    51 |    24 ||    75
  Dodge: Dodged            |    31 |    15 ||    46
  Block: Buckler           |    17 |     6 ||    23

Table legend: (Time is in decaauts)
 A = Elapsed time spent in this place.
 B = Non-inter-level travel time spent in this place.
 C = Inter-level travel time spent in this place.
 D = Time resting spent in this place.
 E = Time spent auto-exploring this place.
 F = Levels seen in this place.
 G = Mean time per level.
                   A        B        C        D        E       F      G
               +--------+--------+--------+--------+--------+-----+--------+
         Total |   2328 |   1988 |    340 |     66 |   1611 |   4 |  582.0 |
       Dungeon |   2328 |   1988 |    340 |     66 |   1611 |   4 |  582.0 |
               +--------+--------+--------+--------+--------+-----+--------+

Top non-repeatable levels by time:
     D:1: 814 daAuts
     D:3: 722 daAuts
     D:2: 646 daAuts
     D:4: 144 daAuts
